AoeStats
← Random

African Clearing

506265566Analyzed
4v4 RM · 20d ago on Sep 13, 2026· 33m 37s· 8 players
Game mode
Random Map
Map size
Large (8 player)
Population
200
Speed
Normal
Resources
Standard
Victory
Conquest
Starting age
Dark Age
Ending age
Imperial Age
RankedLock teamsTeams togetherTeam positionsShared explorationLock speedFull tech treeHidden civsTurbo modeCheats
Victory
Defeat
🇧🇴 Bulgarians · Bolivia
1741
+13
🇦🇷 Persians · Argentina
1722
+14
🇧🇷 Ethiopians · Brazil
1531
+21
🇻🇳 Sicilians · Vietnam
1512
+23
🇨🇳 Vikings · China
1771
-22
🇮🇹 Lithuanians · Italy
1665
-18
🇺🇸 Celts · United States
1629
-16
🇲🇽 Cumans · Mexico
1589
-15
The Lord Daniel
9:41 Loom
12:39 Feudal Age
13:25 Double-Bit Axe
15:02 Horse Collar
22:00 Castle Age
21:03 Scale Barding Armor
21:33 Gold Mining
21:54 Forging
22:33 Bloodlines
23:20 Chain Barding Armor
26:14 Town Watch
27:12 Bow Saw
30:17 Iron Casting
32:23 Wheelbarrow
Random
3:38 Loom
12:01 Feudal Age
12:47 Double-Bit Axe
20:49 Castle Age
23:43 Horse Collar
24:16 Bow Saw
27:39 Horse Collar
29:09 Heavy Plow
28:56 Town Watch
31:41 Wheelbarrow
32:48 Fletching
Dott_Berlu
6:21 Loom
13:41 Feudal Age
14:27 Horse Collar
21:11 Wheelbarrow
24:35 Castle Age
23:31 Bloodlines
23:24 Gold Mining
27:23 Double-Bit Axe
28:36 Bow Saw
30:29 Husbandry
30:35 Scale Barding Armor
31:36 Chain Barding Armor
团团团子
12:50 Feudal Age
13:32 Double-Bit Axe
15:25 Fletching
22:00 Castle Age
20:52 Fishing Lines
21:37 Padded Archer Armor
22:04 Crossbowman
23:04 Bodkin Arrow
27:52 Ballistics
27:53 Gillnets
31:59 Bow Saw
33:13 Loom
__72_KaN_Arg
12:07 Feudal Age
11:52 Loom
13:21 Double-Bit Axe
15:37 Castle Age
16:30 Wheelbarrow
18:45 Horse Collar
26:00 Fletching
28:27 Bloodlines
29:13 Scale Barding Armor
29:26 Town Watch
30:37 Chain Barding Armor
30:31 Forging
31:30 Husbandry
31:41 Gold Mining
33:59 Gold Shaft Mining
36:31 Imperial Age
34:13 Heavy Plow
Valodimer
5:36 Loom
14:49 Feudal Age
17:16 Wheelbarrow
16:32 Double-Bit Axe
16:31 Horse Collar
17:29 Fletching
19:19 Scale Mail Armor
20:04 Forging
26:42 Castle Age
25:19 Stone Mining
27:48 Hand Cart
27:44 Bow Saw
27:35 Heavy Plow
28:48 Squires
29:41 Chain Mail Armor
30:03 Iron Casting
29:30 Arson
30:31 Gold Mining
31:23 Bodkin Arrow
Tylenol
12:43 Feudal Age
12:47 Loom
13:19 Double-Bit Axe
16:14 Fletching
26:25 Castle Age
24:17 Horse Collar
25:28 Padded Archer Armor
25:20 Gold Mining
27:07 Wheelbarrow
26:33 Crossbowman
27:19 Thumb Ring
27:24 Bodkin Arrow
32:18 Ballistics
32:48 Leather Archer Armor
34:05 Wheelbarrow
33:32 Heavy Plow
33:47 Bow Saw
到
9:21 Loom
13:22 Feudal Age
17:37 Castle Age
15:37 Horse Collar
16:34 Double-Bit Axe
20:51 Scale Barding Armor
24:27 Town Watch
28:19 Fletching
29:06 Chain Barding Armor
31:20 Wheelbarrow
32:13 Bow Saw
32:37 Heavy Plow
33:01 Forging
34:11 Iron Casting
33:50 Gold Mining
Connection lost

Rejoining the realm…

Still unreachable

The connection could not be restored.

Session expired

The server has moved on; the page needs a fresh start.